[Event "*** Titled Tuesday Blitz"]
[Site "Chess.com"]
[Date "2020.11.10"]
[Round "4"]
[White "freshfoodcompany"]
[Black "nicoderboss24"]
[Result "0-1"]
[WhiteElo "2407"]
[BlackElo "2230"]
[TimeControl "180+1"]
[EndTime "10:42:26 PST"]
[Termination "nicoderboss24 won by resignation"]

1. d4 d5 2. c4 e6 3. Nc3 c5 4. cxd5 exd5 5. dxc5 d4 6. Ne4 Nc6 7. g3 Bxc5 8. Nxc5 Qa5+ 9. Bd2 Qxc5 10. Bg2 Nf6 11. Rc1 Qb6 12. Qc2 O-O 13. Nf3 Bg4 14. h3 Bh5 15. O-O Bg6 16. Qb3 Qxb3 17. axb3 Rfe8 18.
e3 dxe3 19. Bxe3 Nd5 20. Bc5 Be4 21. Nd4 Bxg2 22. Kxg2 Nxd4 23. Bxd4 a6 24. Rc5 Rad8 25. Rd1 Nb4 26. Rd2 Nc6 27. Be3 Rxd2 28. Bxd2 Re5 29. Rc3 Rd5 30. Re3 Rd8 31. Bc3 f6 32. Kf3 Kf7 33. Kf4 Rd5 34. Ke4 Rd7 35. Rf3 Re7+ 36. Kd3 Rd7+ 37. Kc2 Rd5 38. Rd3 Rxd3 39. Kxd3 b5 40.
Ke4 Ke6 41. b4 f5+ 42. Kf4 g6 43. Kg5 Kf7 44. Kh6 Kg8 45. f4 Nd8 46. Kg5 Ne6+ 47. Kf6 Nc7 48. Ke5 Kf7 49. Kd6 Ne8+ 50. Kc6 Ke6 51. Be5 g5 52. Kb6 g4 53. hxg4 fxg4 54. Kxa6 Nd6 55. Bxd6 Kxd6 56. Kxb5 h5 57. f5 h4 58. f6 h3 59. f7 Ke7 60. Kc6 h2 61. b5 h1=Q+ 62. Kc7 Qf3 63. b6 Qxg3+ 64. Kc6 Qb3 65.
b7 Qxb2 66. Kc7 Qxb7+ 67. Kxb7 Kxf7 68. Kc6 g3 69. Kd5 g2 70. Ke4 g1=Q 71. Kf3 Qg6 72.
Kf4 Kf6 73. Kf3 0-1

[Event "*** Titled Tuesday Blitz"]
[Site "Chess.com"]
[Date "2020.11.10"]
[Round "4"]
[White "amintabatabaei"]
[Black "Orest_Vovk"]
[Result "0-1"]
[WhiteElo "2909"]
[BlackElo "2585"]
[TimeControl "180+1"]
[EndTime "10:42:27 PST"]
[Termination "Orest_Vovk won on time"]

1. a4 Nc6 2. e4 g5 3. d4 h6 4. h4 g4 5. Bb5 Bg7 6. Qxg4 Bxd4 7. Nf3 d6 8. Qg3 Bf6 9. Nc3 Bxc3+ 10. bxc3 Nf6 11. e5 Rg8 12. Qf4 dxe5 13. Nxe5 Bd7 14.
Ba3 Nxe5 15. Qxe5 Bxb5 16. axb5 Ng4 17. Qe2 Qd7 18. O-O Qe6 19. Qxe6 fxe6 20. Rfe1 Kf7 21.
Bc5 a6 22. c4 axb5 23. cxb5 Rxa1 24. Rxa1 Rd8 25. f3 Ne5 26. Ra7 Rd5 27. Be3 Rxb5 28. Bxh6 Nc6 29. Ra4 Rc5 30. Rf4+ Kg6 31. Bf8 Rxc2 32.
g4 b5 33. h5+ Kg5 34. Rf7 b4 35. h6 b3 36. Bg7 e5 0-1

[Event "*** Titled Tuesday Blitz"]
[Site "Chess.com"]
[Date "2020.11.10"]
[Round "4"]
[White "andrzej"]
[Black "DenishevM"]
[Result "1-0"]
[WhiteElo "2376"]
[BlackElo "2596"]
[TimeControl "180+1"]
[EndTime "10:42:27 PST"]
[Termination "andrzej won by resignation"]

1. e4 c6 2. d4 d5 3. exd5 cxd5 4. Bd3 Nc6 5. c3 Qc7 6. Ne2 Bg4 7. O-O e6 8. Qe1 Nf6 9. f3 Bh5 10. Qh4 Be7 11. Bg5 Bg6 12. Bxg6 fxg6 13. Qh3 Kf7 14. Nf4 Qd7 15. Re1 Nd8 16. Nd3 Bd6 17. Nd2 h6 18. Bxf6 gxf6 19. f4 Nc6 20. Nf3 Rae8 21. Re2 Kg7 22.
Rae1 Nd8 23. Nc5 Bxc5 24. dxc5 Re7 25. Nd4 Rhe8 26. Qg4 h5 27. Qg3 Nc6 28. Nb5 e5 29.
Nd6 Rf8 30. f5 g5 31. Qf3 Kh6 32. Qxd5 Rd8 33. Qf3 b6 34. b4 bxc5 35. bxc5 Na5 36. Rd1 Qc7 37. Qe3 Nc4 38. Nxc4 Rxd1+ 39. Kf2 Rd5 40. h4 Qxc5 41. hxg5+ fxg5 42. f6 Qxe3+ 43. Nxe3 Rf7 44. Nxd5 1-0

[Event "*** Titled Tuesday Blitz"]
[Site "Chess.com"]
[Date "2020.11.10"]
[Round "4"]
[White "stepanosinovsky"]
[Black "Hasangatin_Ramil"]
[Result "0-1"]
[WhiteElo "2348"]
[BlackElo "2561"]
[TimeControl "180+1"]
[EndTime "10:42:28 PST"]
[Termination "Hasangatin_Ramil won on time"]

1. e4 d5 2. exd5 Qxd5 3. Nc3 Qd6 4. g3 Nf6 5. Bg2 c6 6. d3 Bg4 7. Nge2 e6 8. h3 Bh5 9. Qd2 Be7 10. Nf4 Bg6 11.
Nxg6 hxg6 12. O-O Na6 13. a3 Nc7 14. Qf4 Qxf4 15. Bxf4 Ncd5 16. Nxd5 cxd5 17. c4 Rd8 18. b4 b6 19. Rfc1 Bd6 20. Be3 Be5 21. Rab1 Ke7 22. c5 d4 23. Bg5 Rc8 24. f4 Bb8 25. h4 Rhe8 26. Bb7 Rc7 27. Ba6 Kf8 28. a4 Nd5 29. Bb5 Rec8 30. Ba6 Re8 31. Bb5 f6 32. Bxe8 Kxe8 33.
cxb6 axb6 34. Rxc7 Bxc7 35. a5 bxa5 36. bxa5 Bxa5 37.
Rb7 Bc7 38. Kg2 fxg5 39. hxg5 Kd7 40. Kf3 Kc8 41. Rb1 Bd6 42. Rh1 Kd7 43. Rh8 Ke7 44.
Rg8 Kf7 45. Rd8 Be7 46. Rd7 Ke8 47. Rb7 Nc3 48. Rb6 Kf7 0-1

[Event "*** Titled Tuesday Blitz"]
[Site "Chess.com"]
[Date "2020.11.10"]
[Round "4"]
[White "gui_borba"]
[Black "GothamChess"]
[Result "0-1"]
[WhiteElo "2439"]
[BlackElo "2641"]
[TimeControl "180+1"]
[EndTime "10:42:29 PST"]
[Termination "GothamChess won on time"]

1. d4 Nf6 2. Bf4 b6 3. Nc3 Bb7 4. f3 d5 5. e3 e6 6. Qd2 Nh5 7. Be5 f6 8. Bg3 Nxg3 9. hxg3 c5 10. g4 Nc6 11. O-O-O Qe7 12. Bd3 h6 13. Bg6+ Kd8 14. dxc5 bxc5 15. Nge2 Kc7 16. Nf4 Rd8 17. Bf5 Bc8 18. Ng6 Qe8 19. Nxh8 exf5 20. Nxd5+ Kb8 21. gxf5 Bxf5 22. e4 Be6 23. Qc3 Bd6 24. Qb3+ Ka8 25. Qa4 Kb7 26. Qb5+ Ka8 27. Ng6 Rb8 28. Qa4 Bd7 29.
Ngf4 Nb4 30. Qa5 Qc8 31. a3 Nc6 32. Qc3 Nd4 33. Rxd4 cxd4 34. Qxd4 Be5 35. Qd3 Bxb2+ 36. Kd2 Bb5 37. Qb3 Be5 38. Nb4 Bxf4+ 0-1

[Event "*** Titled Tuesday Blitz"]
[Site "Chess.com"]
[Date "2020.11.10"]
[Round "4"]
[White "GigaQuparadze"]
[Black "MITerryble"]
[Result "1-0"]
[WhiteElo "2753"]
[BlackElo "2903"]
[TimeControl "180+1"]
[EndTime "10:42:30 PST"]
[Termination "GigaQuparadze won on time"]

1. e4 e6 2. d4 d5 3. Nd2 Be7 4.
Bd3 c5 5. c3 Nc6 6. Ne2 cxd4 7.
cxd4 dxe4 8. Nxe4 Nf6 9. O-O O-O 10. Be3 Nb4 11. Nxf6+ Bxf6 12. Be4 Nd5 13. Nc3 b6 14.
Nxd5 exd5 15. Bd3 Be6 16. Rc1 Rc8 17. Qd2 Qd7 18. Bg5 Bxd4 19. Bxh7+ Kxh7 20. Qxd4 f6 21. Be3 Rc4 22. Qd2 Rfc8 23. Rcd1 Rc2 24. Qd3+ Bf5 25. Qb3 R2c4 26. Rd4 Bc2 27. Qa3 Ra4 28. Rxa4 Qxa4 29. Qe7 Qxa2 30. Bd4 Qc4 31. Qe3 Qd3 32. Qe6 Qf5 33.
Qe7 Rc4 34. Qe3 Qd3 35. Qe8 Qg6 36. Qe3 Qd3 37. Qe8 Qf5 38. Be3 1-0

[Event "*** Titled Tuesday Blitz"]
[Site "Chess.com"]
[Date "2020.11.10"]
[Round "4"]
[White "jefferyx"]
[Black "sjam6687"]
[Result "1-0"]
[WhiteElo "2965"]
[BlackElo "2713"]
[TimeControl "180+1"]
[EndTime "10:42:30 PST"]
[Termination "jefferyx won by resignation"]

1. e4 e5 2. Nf3 Nc6 3. Nc3 Nf6 4.
d4 exd4 5. Nxd4 Bb4 6. Nxc6 bxc6 7. Bd3 d5 8. exd5 cxd5 9. O-O O-O 10. Qf3 Bg4 11. Qg3 c5 12. Bg5 Be6 13. Rad1 Bxc3 14. bxc3 c4 15. Bxc4 Ne4 16. Bxd8 Nxg3 17. hxg3 Rfxd8 18. Bb3 Rac8 19. Rd3 Kf8 20. Rfd1 Ke7 21. f3 a5 22. Kf2 Rd7 23. g4 Rdc7 24. Re1 Kf6 25. Ree3 Rc5 26. Ke1 g5 27. Kd2 h5 28. gxh5 g4 29.
f4 a4 30. Bxa4 Rc4 31. Rd4 Rxd4+ 32. cxd4 Rc4 33. Bb5 Rxd4+ 34. Bd3 Rxf4 35. h6 Ra4 36. h7 Kg7 37. Re5 Ra8 38. Ke3 Kh8 39. Rg5 Rd8 40.
Kd4 f6 41. Rg6 Rf8 42. a4 Bc8 43. a5 f5 44. a6 Kxh7 45. a7 Bb7 46. Rb6 Ba8 47.
Rb8 1-0

[Event "*** Titled Tuesday Blitz"]
[Site "Chess.com"]
[Date "2020.11.10"]
[Round "4"]
[White "Leonid_Starozhilov"]
[Black "capatl"]
[Result "0-1"]
[WhiteElo "2676"]
[BlackElo "2509"]
[TimeControl "180+1"]
[EndTime "10:42:30 PST"]
[Termination "capatl won by checkmate"]

1. e4 c5 2. Nf3 e6 3. c4 Nc6 4.
Nc3 a6 5. d4 cxd4 6. Nxd4 Qc7 7. Be2 Nf6 8. Be3 Bb4 9. O-O Bxc3 10. bxc3 Nxe4 11. Nxc6 Nxc3 12. Qc2 Nxe2+ 13. Qxe2 Qxc6 14.
Qg4 Kf8 15. c5 f6 16. Rfd1 Kf7 17. Rd6 Qb5 18. Qh5+ g6 19. Qh6 a5 20. Rad1 Ra6 21. R6d2 Qa4 22. h4 e5 23. f3 Re6 24. Kh2 Qc6 25.
Rd6 Rxd6 26. Rxd6 Qa4 27. Rxf6+ Kxf6 28. Bg5+ Ke6 29. Qg7 Re8 30. Qf6+ Kd5 31. Qd6+ Kc4 32. Qf6 Qc6 33. Qg7 Qe6 34. Qxh7 Kxc5 35. Qg7 Kc6 36. a3 d5 37. Qh6 Bd7 38. Qg7 Qf5 39. Qh7 e4 40. fxe4 Qxe4 41. g3 Qe2+ 42. Kg1 Qd1+ 43. Kf2 Re2+ 44. Kf3 Qf1# 0-1

[Event "*** Titled Tuesday Blitz"]
[Site "Chess.com"]
[Date "2020.11.10"]
[Round "4"]
[White "Ze-Pequeno"]
[Black "karwowskikacper"]
[Result "1-0"]
[WhiteElo "2261"]
[BlackElo "2424"]
[TimeControl "180+1"]
[EndTime "10:42:30 PST"]
[Termination "Ze-Pequeno won by resignation"]

1. e4 c5 2. Nf3 Nc6 3. d4 cxd4 4. Nxd4 g6 5. c4 Bg7 6. Be3 Nf6 7. Nc3 O-O 8. Be2 d6 9. O-O Bd7 10. h3 Nxd4 11.
Bxd4 Bc6 12. Qc2 Qa5 13. a3 Rfc8 14. b4 Qd8 15. Rfd1 Nd7 16. Bxg7 Kxg7 17. Bg4 Ne5 18.
Bxc8 Qxc8 19. Qe2 Bd7 20. Rac1 Qxc4 21. Qxc4 Nxc4 22. Nd5 b5 23. Nxe7 Re8 24. Nd5 Rxe4 25. Nc3 Re6 26. Ra1 Bc6 27. a4 Nb2 28. Rdc1 bxa4 29.
Rc2 Nd3 30. b5 Bb7 31. Rxa4 Bxg2 32. Re2 Rxe2 33. Nxe2 Bxh3 34. Rxa7 Nc5 35. b6 Bc8 36. Rc7 Ba6 37. Nd4 Kf6 38. Nc6 h5 39. Nb4 Ke6 40. Rxc5 dxc5 41. Nxa6 c4 42. b7 c3 43. b8=Q c2 44. Qc8+ Kf6 45. Qxc2 1-0

[Event "*** Titled Tuesday Blitz"]
[Site "Chess.com"]
[Date "2020.11.10"]
[Round "4"]
[White "anon102030"]
[Black "dropstoneDP"]
[Result "0-1"]
[WhiteElo "2730"]
[BlackElo "2918"]
[TimeControl "180+1"]
[EndTime "10:42:31 PST"]
[Termination "dropstoneDP won by resignation"]

1. e4 e5 2. Nf3 Nc6 3. Bc4 d6 4. d4 Nf6 5. dxe5 dxe5 6. Qxd8+ Nxd8 7. Nc3 Bd6 8. Bg5 Be6 9. Bb5+ Nd7 10. O-O-O f6 11.
Be3 a6 12. Ba4 Nc6 13. Bb3 Kf7 14. Nd5 Na5 15. Kb1 Nxb3 16. axb3 a5 17. Nc3 Rhc8 18.
Nb5 Be7 19. Nc3 c6 20. Rd2 b5 21. Rhd1 Nc5 22. Bxc5 Bxc5 23. Re2 Ke7 24. Ne1 Bd4 25.
Nf3 Bc5 26. Ne1 Rd8 27. Red2 Rxd2 28. Rxd2 h5 29. h3 g5 30. Nd3 Bd4 31. Ne2 Bb6 32. Ng3 h4 33. Nf1 g4 34. hxg4 Bxg4 35. f3 Be6 36. Nf2 Rg8 37. Nd1 h3 38. gxh3 Rg1 39.
Nh2 Bxh3 40. Ka2 Be6 41. Nf2 Rg2 42. Nhg4 Bxg4 43. fxg4 Rxf2 0-1

[Event "*** Titled Tuesday Blitz"]
[Site "Chess.com"]
[Date "2020.11.10"]
[Round "4"]
[White "lefonghua"]
[Black "temus_galaktionov"]
[Result "1-0"]
[WhiteElo "2495"]
[BlackElo "2630"]
[TimeControl "180+1"]
[EndTime "10:42:31 PST"]
[Termination "lefonghua won on time"]

1. d4 c6 2. c4 g6 3. e4 Bg7 4. f4 d6 5. Nc3 e5 6. fxe5 dxe5 7.
d5 Nf6 8. Nf3 O-O 9. Be2 Qb6 10.
Na4 Qa5+ 11. Bd2 Qc7 12. Nc3 Qb6 13. Na4 Qc7 14. Nc3 Na6 15. O-O Qb6+ 16. Kh1 Ng4 17. Qe1 Qxb2 18. h3 Nf6 19. Rb1 Qa3 20. dxc6 bxc6 21.
Nxe5 Nc5 22. Nxc6 Ncxe4 23. Nxe4 Nxe4 24. Bb4 Ng3+ 25. Kh2 Nxf1+ 26. Bxf1 Qa6 27. Bxf8 Bxf8 28. Ne7+ Kg7 29. Nd5 Qd6+ 30. Kh1 Bf5 31. Qc3+ f6 32. Rb7+ Kh6 33. Nxf6 Bg7 34. Rxg7 Rh8 35. Ng8+ Kg5 36. Qe3+ Kh4 37. Qh6+ Kg3 38. Qe3+ Kh4 39. g3+ 1-0

[Event "*** Titled Tuesday Blitz"]
[Site "Chess.com"]
[Date "2020.11.10"]
[Round "4"]
[White "Promacherr"]
[Black "Zhani-Z"]
[Result "1-0"]
[WhiteElo "2711"]
[BlackElo "2510"]
[TimeControl "180+1"]
[EndTime "10:42:33 PST"]
[Termination "Promacherr won by checkmate"]

1. d4 Nf6 2. c4 e6 3. Nc3 Bb4 4.
f3 c5 5. a3 Bxc3+ 6. bxc3 b6 7. e4 Nc6 8. e5 Ng8 9. f4 Ba6 10.
Nf3 Na5 11. Qa4 Ne7 12. Be3 O-O 13. dxc5 Rc8 14. cxb6 axb6 15. Rd1 Bxc4 16. Qxd7 Bxf1 17. Rxf1 Nc4 18. Qxd8 Rfxd8 19. Rxd8+ Rxd8 20. Bd4 Nd5 21. Nd2 Nxa3 22. Ke2 Nb5 23. Ne4 Nxd4+ 24. cxd4 Ra8 25. g3 Ra2+ 26. Kf3 f5 27. Ng5 h6 28. Nxe6 Kf7 29.
Nd8+ Ke7 30. Nb7 Ra3+ 31. Kf2 Ra2+ 32. Kg1 b5 33. Nd6 b4 34. Nxf5+ Kf7 35. Nd6+ Ke7 36. Rb1 Ra4 37. f5 Nc3 38. Rb3 Ne2+ 39. Kg2 Nxd4 40. Rd3 b3 41. Rc3 Rb4 42. Rc7+ Kd8 43. Rxg7 b2 44. e6 Nxf5 45. Rd7# 1-0

[Event "*** Titled Tuesday Blitz"]
[Site "Chess.com"]
[Date "2020.11.10"]
[Round "4"]
[White "ljuks68"]
[Black "DenisQ"]
[Result "0-1"]
[WhiteElo "2358"]
[BlackElo "2630"]
[TimeControl "180+1"]
[EndTime "10:42:33 PST"]
[Termination "DenisQ won on time"]

1. e4 c6 2. d4 d5 3. e5 c5 4. Nf3 Nc6 5. c4 cxd4 6. Nxd4 e6 7. Nc3 Bb4 8. Nxc6 bxc6 9. Qa4 Bxc3+ 10. bxc3 Ne7 11.
Bd3 O-O 12. O-O Qc7 13. Ba3 c5 14. f4 Bd7 15. Qa6 Rab8 16. Rab1 Rb6 17. Qa5 Rc8 18. Rb3 g6 19. Kf2 dxc4 20. Bxc4 Nd5 21. g3 Rxb3 22.
Qxc7 Rxc7 23. axb3 Nxc3 24. Rc1 Na2 25. Rd1 Nb4 26. Rd6 Kg7 27. g4 Bc6 28. f5 gxf5 29. gxf5 Bd5 30. f6+ Kg6 31. Bxb4 cxb4 32. Bd3+ Kg5 33.
Ke3 Bxb3 34. Rd8 Bc2 35. Rg8+ Kh6 36. Be2 b3 37. Rg4 Bf5 38. Rh4+ Kg6 39. Rb4 Bc2 40.
Rg4+ Kf5 0-1

[Event "*** Titled Tuesday Blitz"]
[Site "Chess.com"]
[Date "2020.11.10"]
[Round "4"]
[White "FMOlexandrProhorov"]
[Black "Xeniya2005"]
[Result "1-0"]
[WhiteElo "2134"]
[BlackElo "2381"]
[TimeControl "180+1"]
[EndTime "10:42:33 PST"]
[Termination "FMOlexandrProhorov won on time"]

1. Nf3 d5 2. d4 e6 3. c4 b6 4. Nc3 Bb7 5. Bf4 a6 6. e3 Nf6 7. Rc1 Nbd7 8. Qc2 Be7 9. Bd3 h6 10.
O-O O-O 11. Rfd1 dxc4 12. Bxc4 Bxf3 13. gxf3 Bd6 14. Bg3 Qe7 15. Ne4 b5 16. Bb3 Nxe4 17. Qxe4 Nf6 18. Qb7 Rfc8 19. Bxd6 Qxd6 20. Qc6 Qe7 21.
d5 exd5 22. Bxd5 Rab8 23. Qxa6 Rd8 24. Bb3 Rd7 25. Rxd7 Qxd7 26. Rd1 Qe7 27. Qa7 Re8 28. Qd4 c5 29. Qd6 Qa7 30. a3 c4 31. Bc2 Qb7 32. e4 Rb8 33. Qb4 Qc7 34. Qd6 Qb7 35. Kg2 Nh5 36.
Qe5 Nf6 37. Qd6 Re8 38. e5 Nh5 39. Be4 Qc8 40. Qd7 Qb8 41. Bd5 Nf4+ 42. Kg1 Qxe5 43. Qxf7+ Kh8 44. h4 1-0

[Event "*** Titled Tuesday Blitz"]
[Site "Chess.com"]
[Date "2020.11.10"]
[Round "4"]
[White "rududuyk"]
[Black "Chessdude1987"]
[Result "1-0"]
[WhiteElo "2175"]
[BlackElo "2278"]
[TimeControl "180+1"]
[EndTime "10:42:33 PST"]
[Termination "rududuyk won by checkmate"]

1. e4 e6 2. d4 d5 3. Nd2 c5 4. exd5 exd5 5. Ngf3 Nf6 6. Bb5+ Bd7 7. Qe2+ Be7 8.
dxc5 O-O 9. Nb3 Re8 10. Be3 Ne4 11. O-O-O Bxb5 12. Qxb5 Nc6 13. Qxb7 Rc8 14. Kb1 Rc7 15.
Qb5 a6 16. Qa4 Qa8 17. Rxd5 Bf6 18. Rhd1 Rce7 19. Nfd4 Ne5 20. Nf5 Re6 21. Qxe4 g6 22. Nd6 R8e7 23. Qa4 h5 24. f4 Ng4 25. Bd4 Bxd4 26.
R5xd4 Ne3 27. Rc1 Qxg2 28. Nc8 Re8 29. Nd6 R8e7 30. Ne4 Rxe4 31. Rd8+ Kg7 32. Qc6 R4e6 33. Qc8 Kf6 34. Rf8 Qe4 35. c6 Re8 36. Rxe8 Rxe8 37.
Qd7 Qe6 38. Qd4+ Kf5 39. c7 Nd5 40. Nc5 Qc6 41. Qd3+ Kf6 42. Qd4+ Ke7 43. Re1+ Kf8 44. Rxe8+ Kxe8 45. Qh8+ Ke7 46. Qd8# 1-0

[Event "*** Titled Tuesday Blitz"]
[Site "Chess.com"]
[Date "2020.11.10"]
[Round "4"]
[White "BillCoe"]
[Black "Ashedu66"]
[Result "0-1"]
[WhiteElo "2057"]
[BlackElo "2233"]
[TimeControl "180+1"]
[EndTime "10:42:33 PST"]
[Termination "Ashedu66 won on time"]

1. e4 e5 2. Nf3 Nc6 3. Bb5 Nge7 4. c3 g6 5. O-O Bg7 6. Re1 O-O 7.
d3 d6 8. Nbd2 h6 9. Nf1 Kh7 10.
Be3 f5 11. exf5 Nxf5 12. Ng3 Nxe3 13. fxe3 Bg4 14. Rf1 Qe7 15. e4 Rf4 16. Qe2 Raf8 17. Rf2 h5 18. Qe3 Bh6 19. Qe2 h4 20. Nf1 h3 21. Ne3 Bh5 22. Nd5 Qf7 23. Nxf4 Qxf4 24. Raf1 hxg2 25. Kxg2 Qg4+ 26. Kh1 Bf4 27. Bxc6 bxc6 28. Rg1 Qh3 29. Ng5+ Bxg5 30. Qxh5+ Qxh5 31. Rxf8 Bf4 32. Rf7+ Kg8 33. Rf6 Qf3+ 34. Rg2 g5 0-1

[Event "*** Titled Tuesday Blitz"]
[Site "Chess.com"]
[Date "2020.11.10"]
[Round "4"]
[White "MatyChess1"]
[Black "A-S-00"]
[Result "1-0"]
[WhiteElo "2572"]
[BlackElo "2350"]
[TimeControl "180+1"]
[EndTime "10:42:34 PST"]
[Termination "MatyChess1 won by checkmate"]

1. e4 c5 2. Nf3 d6 3. Nc3 Nf6 4. e5 dxe5 5. Nxe5 Nbd7 6. d4 g6 7. Bc4 Nxe5 8. dxe5 Qxd1+ 9. Nxd1 Ng4 10. f4 h5 11. Nc3 Bg7 12. Nd5 Rb8 13. Nc7+ Kd7 14.
Nb5 a6 15. Nc3 e6 16. a4 Ke7 17. a5 f6 18. h3 Nh6 19. exf6+ Bxf6 20. Be3 Bd4 21. Bd2 Nf5 22. O-O-O Bd7 23. Rhe1 Kf7 24. Ne4 h4 25. Ng5+ Kg7 26. Bxe6 Bc6 27. Bxf5 gxf5 28. Ne6+ Kf6 29. Nxd4 cxd4 30. Bb4 Bxg2 31. Rxd4 Rhe8 32.
Rg1 Bxh3 33. Bd6 Rbd8 34. Be5+ Ke6 35. Rb4 Rd7 36. Rb6+ Kf7 37. Rg7+ Kf8 38. Rxd7 Bg4 39. Rf6+ Kg8 40. Rh6 h3 41. Rh8# 1-0

[Event "*** Titled Tuesday Blitz"]
[Site "Chess.com"]
[Date "2020.11.10"]
[Round "4"]
[White "fabianvivasz"]
[Black "Volodar_Murzin"]
[Result "1-0"]
[WhiteElo "2366"]
[BlackElo "2547"]
[TimeControl "180+1"]
[EndTime "10:42:34 PST"]
[Termination "fabianvivasz won on time"]

1. e4 c5 2. Nf3 d6 3. d4 cxd4 4. Nxd4 Nf6 5. Nc3 a6 6. f3 e5 7.
Nb3 Be7 8. Be3 Be6 9. Qd2 O-O 10.
Nd5 Bxd5 11. exd5 Nbd7 12. O-O-O Qc7 13. Kb1 Nb6 14. Qa5 Rfc8 15. Ka1 Qxc2 16. Rc1 Nbxd5 17. Rxc2 Rxc2 18. Bd3 Nxe3 19. Bxc2 Nxc2+ 20. Kb1 Ne3 21. Qb6 Nxg2 22. Qxb7 Re8 23. Qxa6 Nh4 24. a4 Nxf3 25.
Qc6 e4 26. a5 Ne5 27. Qb7 e3 28. a6 e2 29. Re1 Bf8 30. Rxe2 Re7 31. Qxe7 Bxe7 32.
a7 g6 33. a8=Q+ Kg7 34. Nd4 Bf8 35. Qb7 Nfd7 36. b4 Be7 37. Nc6 Bf6 38. Nxe5 Nxe5 39. Qd5 h5 40. b5 g5 41. b6 g4 42. b7 1-0

[Event "*** Titled Tuesday Blitz"]
[Site "Chess.com"]
[Date "2020.11.10"]
[Round "4"]
[White "VladimirBugayev"]
[Black "swisspower96"]
[Result "1-0"]
[WhiteElo "2264"]
[BlackElo "2572"]
[TimeControl "180+1"]
[EndTime "10:42:35 PST"]
[Termination "VladimirBugayev won by checkmate"]

1. e4 c5 2. Nc3 Nc6 3. Bb5 Nd4 4. Nf3 a6 5. Bd3 g6 6. Nxd4 cxd4 7. Ne2 Bg7 8. c3 dxc3 9. dxc3 Nf6 10. O-O O-O 11.
h3 d5 12. Ng3 e5 13. Bg5 Be6 14.
exd5 Qxd5 15. Bxf6 Bxf6 16. Be4 Qxd1 17. Rfxd1 Rab8 18. Bd5 Bd7 19. Ne4 Be7 20. Bxf7+ Kxf7 21. Rxd7 Ke6 22.
Rad1 Rfc8 23. Kf1 h6 24. f3 Rc6 25. Ke2 a5 26. R1d3 a4 27. b3 a3 28. c4 b5 29.
cxb5 Rxb5 30. Ra7 Bb4 31. Rdd7 Rc2+ 32. Kd3 Rxa2 33. Rg7 Rd5+ 34. Kc4 Rd4+ 35. Kb5 Bf8 36. Rxg6+ Kf5 37. Rf6# 1-0

[Event "*** Titled Tuesday Blitz"]
[Site "Chess.com"]
[Date "2020.11.10"]
[Round "4"]
[White "TokChess"]
[Black "emiliochess"]
[Result "1/2-1/2"]
[WhiteElo "2441"]
[BlackElo "2272"]
[TimeControl "180+1"]
[EndTime "10:42:35 PST"]
[Termination "Game drawn - insufficient material"]

1. d4 d5 2. c4 c6 3. Nf3 Nf6 4. e3 Bf5 5. Nc3 e6 6. Bd3 Bg6 7. O-O Bd6 8. b3 Nbd7 9. Bb2 Qe7 10. Re1 O-O 11. Bxg6 hxg6 12. e4 dxe4 13. Nxe4 Nxe4 14. Rxe4 Ba3 15. Bc3 Bb4 16. Qc2 Bxc3 17. Qxc3 Rfd8 18. Rae1 Nf6 19. R4e3 b5 20. Ne5 Rac8 21. Rf3 c5 22. d5 bxc4 23. dxe6 Qxe6 24. Nxg6 Ne4 25. Nf4 Nxc3 26. Nxe6 fxe6 27. Rxc3 cxb3 28. axb3 Kf7 29. g3 Rd5 30. Rc4 Rb8 31. Ra4 Rxb3 32.
Rxa7+ Kf6 33. Rc7 Rc3 34. Re4 g5 35. h4 gxh4 36. Rxh4 Rg5 37. Kg2 Rf5 38. Rc6 Rc2 39.
Rh6+ Kg5 40. Rcxe6 Rfxf2+ 41. Kg1 Rg2+ 42. Kf1 Rgf2+ 43. Ke1 Kg4 44. Reg6+ Kf3 45. Rf6+ Kg2 46. Rxf2+ Rxf2 47. Rh2+ Kxh2 48. Kxf2 Kh3 49. Kf3 c4 50. g4 c3 51. Ke2 Kxg4 52. Kd3 c2 53. Kxc2 1/2-1/2

[Event "*** Titled Tuesday Blitz"]
[Site "Chess.com"]
[Date "2020.11.10"]
[Round "4"]
[White "Deepweb2020"]
[Black "JiiHart"]
[Result "1-0"]
[WhiteElo "2242"]
[BlackElo "2069"]
[TimeControl "180+1"]
[EndTime "10:42:35 PST"]
[Termination "Deepweb2020 won on time"]

1. d4 Nf6 2. c4 e6 3. g3 c5 4. Nf3 cxd4 5. Nxd4 Nc6 6. Bg2 Be7 7. O-O O-O 8. b3 a6 9. Bb2 Qc7 10. Nc3 b6 11. Nxc6 dxc6 12. Na4 Bb7 13. c5 b5 14. Nb6 Rad8 15. Qc2 Nd5 16. Nxd5 cxd5 17. b4 e5 18. a4 d4 19. c6 Rc8 20. Rfc1 Qd6 21. cxb7 Rxc2 22. Rxc2 Qxb4 23. axb5 Qxb5 24. Rac1 Bd6 25. h4 f5 26. Bc6 Qb6 27. Bd5+ Kh8 28. Rc8 Qxb2 29. Rxf8+ Bxf8 30. Rc8 Qb1+ 31. Kg2 Qb4 32.
b8=Q Qxb8 33. Rxb8 g6 34. Rxf8+ Kg7 35. Rf7+ 1-0

[Event "*** Titled Tuesday Blitz"]
[Site "Chess.com"]
[Date "2020.11.10"]
[Round "4"]
[White "m_ezat"]
[Black "vladimirssvesnikovs"]
[Result "0-1"]
[WhiteElo "2480"]
[BlackElo "2293"]
[TimeControl "180+1"]
[EndTime "10:42:36 PST"]
[Termination "vladimirssvesnikovs won by checkmate"]

1. d4 d5 2. c4 e6 3. Nc3 c6 4. e4 dxe4 5. Nxe4 Bb4+ 6. Bd2 Qxd4 7. Bxb4 Qxe4+ 8. Be2 Qxg2 9. Qd4 Nd7 10. Bf3 Qg5 11. Bd6 Ne7 12. Bxe7 Kxe7 13. Ne2 Qa5+ 14. Kf1 Qe5 15. Qd2 Rd8 16. Rd1 Qc7 17. Rg1 g6 18.
Qh6 Nf6 19. Nc3 Rxd1+ 20. Bxd1 e5 21. Rg3 Be6 22. Re3 Bxc4+ 23. Kg1 Rd8 24. Qg5 h6 25. Qh4 Be6 26. Bb3 Rd4 27. Qxh6 Rg4+ 28. Kf1 Bxb3 29. axb3 Qd6 30. h3 Rd4 31. Qg5 Kf8 32. Qh6+ Ke7 33.
Qg5 Kf8 34. Rxe5 Rd3 35. Qh6+ Kg8 36. Ne4 Qxe5 37. Ng5 Rd1+ 38. Kg2 Qd5+ 39. f3 Rd2+ 40. Kg3 Qe5+ 41. f4 Qe3+ 42. Nf3 Qf2# 0-1

[Event "*** Titled Tuesday Blitz"]
[Site "Chess.com"]
[Date "2020.11.10"]
[Round "4"]
[White "sm_sharon"]
[Black "Mambastik-Fantastic"]
[Result "1-0"]
[WhiteElo "2135"]
[BlackElo "2275"]
[TimeControl "180+1"]
[EndTime "10:42:37 PST"]
[Termination "sm_sharon won on time"]

1. e4 c5 2. g3 Nc6 3. Bg2 g6 4. Nf3 Bg7 5. O-O d6 6. c3 Nf6 7. Qe2 Bg4 8. h3 Bxf3 9. Bxf3 O-O 10. Rd1 Ne5 11. Bg2 c4 12. b3 b5 13. Na3 cxb3 14. d4 Nc4 15. axb3 Nxa3 16. Bxa3 Rb8 17. Bb4 Qb6 18. Ra5 Nd7 19. Rda1 f5 20. Rxa7 Nf6 21. exf5 Rf7 22. Rxe7 Rxe7 23. Qxe7 Re8 24. Qxd6 Qxd6 25. Bxd6 gxf5 26. Be5 Rc8 27. c4 bxc4 28. bxc4 Ne4 29.
Bxg7 Kxg7 30. Ra7+ Kg6 31. g4 Rxc4 32. gxf5+ Kxf5 33. Bxe4+ Kxe4 34. Rxh7 Kf3 35. Rf7+ Ke4 36. Rg7 Rc1+ 37.
Kg2 Kxd4 38. Re7 Rc3 39. h4 Kd5 40. h5 Kd6 41. Re3 Rc5 42. Rh3 Rg5+ 43. Kf3 Ke5 44. h6 Rg8 45. h7 Rh8 46. Kg4 Kf6 47. f4 Kg6 48. Rh5 Kf6 49. Rh6+ Kg7 50. Kg5 Kf7 51. Ra6 Kg7 52. Ra7+ Kf8 53. Kg6 1-0

[Event "*** Titled Tuesday Blitz"]
[Site "Chess.com"]
[Date "2020.11.10"]
[Round "4"]
[White "Blitzstream"]
[Black "Jospem"]
[Result "0-1"]
[WhiteElo "2731"]
[BlackElo "2918"]
[TimeControl "180+1"]
[EndTime "10:42:38 PST"]
[Termination "Jospem won by checkmate"]

1. d4 Nf6 2. Bg5 Ne4 3. Bh4 c5 4. f3 g5 5. fxe4 gxh4 6. e3 Nc6 7. Nf3 Bg7 8. c3 Qb6 9. Qb3 h3 10. gxh3 Bh6 11. Qxb6 axb6 12. Nbd2 Bxe3 13. Nc4 cxd4 14.
Nxb6 Rb8 15. Nd5 Bh6 16. cxd4 e6 17. Nf6+ Ke7 18. e5 d6 19. Ng4 Bf4 20. Be2 h5 21.
exd6+ Kxd6 22. Nf6 Ke7 23. Ne4 b6 24. Nc3 Rd8 25.
Rd1 Nb4 26. Kf2 Bb7 27. Rhe1 Nc2 28. Rg1 Be3+ 29. Kf1 Bxg1 30. Kxg1 Bxf3 31. Bxf3 Nxd4 32.
Bxh5 Nf5 33. Re1 Rd2 34. Bg4 Rg8 35. Kf1 Nh6 36. Ne4 Rxb2 37. Ng3 Nxg4 38. hxg4 Rxg4 39. Rc1 Rf4+ 40. Kg1 Rff2 41. Rc7+ Kd8 42. Ra7 Rg2+ 43. Kf1 Rxh2 44. Rxf7 Rb1# 0-1